 Dungeon Crawl Stone Soup version 0.29.1-13-g9f3cf754e1 (webtiles) character file.

Game seed: 3102399221490941408

37 DildoBatman the Conjurer (level 3, 0/26 HPs)
             Began as a Formicid Conjurer on Jan 23, 2023.
             Succumbed to a gnoll's poison
             ... on level 2 of the Dungeon.
             The game lasted 00:02:31 (1275 turns).

DildoBatman the Conjurer (Formicid Conjurer)        Turns: 1275, Time: 00:02:31

Health: 0/26       AC:  2    Str: 11    XL:     3   Next: 62%
Magic:  1/6        EV: 12    Int: 19    God:
Gold:   95         SH:  0    Dex: 12    Spells: 4/7 levels left

rFire   . . .      SeeInvis +   a - +0 sling
rCold   . . .      Faith    .   (no shield)
rNeg    . . .      Spirit   .   l - +0 robe
rPois   .          Reflect  .   (helmet unavailable)
rElec   .          Harm     .   (no cloak)
rCorr   .          Rampage  .   (no gloves)
Will    .....                   (no boots)
Stlth   ++........              (no amulet)
HPRegen 0.08/turn               (no ring)
MPRegen 0.10/turn               (no ring)

@: lethally poisoned (0 -> -1), flying
A: permanent stasis, dig shafts and tunnels, antennae 3, four strong arms
a: Dig, Shaft Self


You were on level 2 of the Dungeon.
You visited 1 branch of the dungeon, and saw 2 of its levels.

You collected 95 gold pieces.

Inventory:

Hand Weapons
 a - a +0 sling (weapon)
 b - a +0 short sword of venom
Missiles
 g - 15 poisoned darts
Armour
 l - a +0 robe (worn)
Scrolls
 d - a scroll of magic mapping {unknown}
 f - a scroll of torment {unknown}
 h - a scroll of fog {unknown}
 j - a scroll of poison {unknown}
 k - a scroll of identify {unknown}
 m - a scroll of amnesia {unknown}
Potions
 c - a potion of magic
 e - a potion of flight
 i - a potion of heal wounds {unknown}
 n - a potion of ambrosia {unknown}
 o - a potion of cancellation {unknown}


   Skills:
 * Level 1.3 Fighting
 * Level 1.3 Armour
 - Level 2.0 Dodging
 - Level 2.4 Stealth
 * Level 2.6 Spellcasting
 * Level 3.8 Conjurations


You had 4 spell levels left.
You knew the following spells:

 Your Spells              Type           Power      Damage    Failure   Level
a - Searing Ray           Conj           34%        2d5       4%          2
c - Magic Dart            Conj           68%        1d6       3%          1

Your spell library contained the following spells:

 Spells                   Type           Power      Damage    Failure   Level
 Necrotise                Necr           8%         1d4       16%         1
 Dazzling Flash           Conj/Hex       18%        N/A       22%         3
 Fulminant Prism          Conj/Hex       4%         3d6       56%         4
 Iskenderun's Mystic Bla  Conj/Tloc      9%         2d4       56%         4


Dungeon Overview and Level Annotations

Branches:
Dungeon (2/15)

Altars:

Annotations:
D:2 Natasha


Innate Abilities, Weirdness & Mutations

You cannot be hasted, slowed, berserked, paralysed or teleported.
You can dig through walls and to a lower floor.
You have a pair of large antennae on your head. (SInv)
Your four strong arms can wield two-handed weapons with a shield.


Message History

You feel sick.
You feel sick.
You shoot a sling bullet.
The sling bullet barely misses the kobold.
You feel sick.
You shoot a sling bullet.
The sling bullet closely misses the kobold.
You feel sick. The kobold hits you with a +0 dagger.
Casting: Searing Ray (safe; 4% risk of failure)
Confirm with . or Enter, or press ? or * to list all spells.
Aiming: Searing Ray (safe; 4% risk of failure)
Press: ? - help, Shift-Dir - straight line, f/p - kobold
Aim: a kobold, wielding a +0 dagger (72% to hit)
The searing ray hits the kobold.
You kill the kobold!
The searing ray hits the gnoll.
The gnoll is heavily wounded. (Press . to maintain the ray.)
You feel sick.
The searing ray hits the gnoll.
The gnoll is almost dead.
You feel sick.
You are no longer poisoned.
The gnoll throws a poisoned dart.
The poisoned dart hits you.
You are poisoned.
The searing ray misses the gnoll.
You feel sick.
The gnoll hits you from afar with a +0 spear!
The searing ray hits the gnoll.
You kill the gnoll!
You finish channelling your searing ray.
You feel sick.
You hear a shout!
You feel sick.
It was a potion of flight.
You feel very buoyant.
You fly up into the air.
You die...

#......# #.
#......# #g
#......# #{
#......# #{
##.##### #. #.# #.
#.#
######.##########.#
........)).@......#
######.############
... ####


There were no monsters in sight!

Vanquished Creatures
  A gnoll (D:2)
  A dart slug (D:1)
  An endoplasm (D:2)
  A goblin (D:2)
  2 hobgoblins (D:1)
  5 jackals
  3 ball pythons
  2 bats (D:1)
  7 kobolds
  2 rats
25 creatures vanquished.

Notes
Turn   | Place    | Note
-------+----------+-------------------------------------------
     0 | D:1      | DildoBatman the Formicid Conjurer began the quest for the
                  | Orb.
     0 | D:1      | Reached XP level 1. HP: 13/13 MP: 3/3
   106 | D:1      | Reached XP level 2. HP: 6/20 MP: 5/5
   123 | D:1      | Learned a level 2 spell: Searing Ray
   898 | D:2      | Found a faded altar of an unknown god.
   914 | D:2      | Got Plato's Omnibus of Evil Secrets
   935 | D:2      | Noticed Natasha
  1059 | D:2      | Reached skill level 1 in Fighting
  1112 | D:2      | Reached XP level 3. HP: 23/26 MP: 6/6
  1114 | D:2      | Reached skill level 1 in Armour
  1274 | D:2      | HP: 1/26 [poisoned by a gnoll]
  1275 | D:2      | Succumbed to a gnoll's poison

Illustrated notes

Levels and vault maps discovered:
D:1:      dpeg_arrival_ternary, layout_basic, minmay_liquid_box
D:2:      layout_basic, shapermc_ecumenical_altar_rom_forum, uniq_natasha,
          uniq_sigmund

Skill      XL: |  1  2  3 |
---------------+----------+-----
Dodging        | 2 |  2.0
Fighting       | 1 |  1.3
Armour         | 1 |  1.3
Stealth        | |  2.4
Spellcasting   | |  2.6
Conjurations   | |  3.8

Action                   || total
-------------------------++-------
Melee: Short sword       ||    11
 Fire: Sling             ||    17
 Cast: Magic Dart        ||    18
       Searing Ray       ||     5
  Use: Potion            ||     1
Armor: Robe              ||     5
Dodge: Dodged            ||    12
